 Dungeon Crawl Stone Soup version 0.18.1-48-g4cf74bf (webtiles) character file.

136350 GordonOverkill the Executioner (level 17, -6/154 HPs)
             Began as a Hill Orc Wanderer on July 8, 2016.
             Was a High Priest of Trog.
             Mangled by a frost giant simulacrum (58 damage)
             ... led by a necromancer
             ... on level 1 of the Depths on July 9, 2016.
             The game lasted 02:05:44 (33111 turns).

GordonOverkill the Executioner (Hill Orc Wanderer) Turns: 33111, Time: 02:05:45

Health: -6/154     AC: 28    Str: 31    XL:     17   Next: 21%
Magic:  20/20      EV: 17    Int:  5    God:    Trog [*****.]
Gold:   1110       SH:  9    Dex: 16    Spells: 0 memorised, 16 levels left

rFire  + + .     SeeInvis .     U - +6 broad axe (elec)
rCold  x . .     Gourm    .     n - +9 chain mail of Yhoyvicw {Dex+5}
rNeg   + . .     Faith    .     V - +2 buckler {rN+}
rPois  .         Spirit   .     z - +0 helmet
rElec  +         Dismiss  .     y - +0 cloak (curse)
rCorr  .         Reflect  +     (no gloves)
SustAt .         Harm     .     D - +2 pair of boots {Stlth+}
MR     ++...                    m - +2 amulet of reflection
Stlth  ..........               u - ring of Totifekh {+Fly rElec rF+ MR+ Int-5}
                                g - ring "Poepol" {Fire rElec Str+8}

@: very resistant to hostile enchantments, extremely unstealthy
A: no striking features
a: Berserk, Trog's Hand, Brothers in Arms, Burn Spellbooks, Renounce Religion,
Evoke Flight


You were on level 1 of the Depths.
You worshipped Trog.
Trog was extremely pleased with you.
You were not hungry.

You visited 4 branches of the dungeon, and saw 26 of its levels.
You also visited: Labyrinth.

You collected 2553 gold pieces.
You spent 1443 gold pieces at shops.

Inventory:

Hand Weapons
 U - a +6 broad axe of electrocution (weapon)
Armour
 n - the +9 chain mail of Yhoyvicw (worn) {Dex+5}
   (You found it on level 7 of the Dungeon)

   It affects your dexterity (+5).
 y - a cursed +0 cloak (worn)
 z - a +0 helmet (worn)
 D - a +2 pair of boots of stealth (worn)
 V - a +2 buckler of positive energy (worn)
Jewellery
 a - an uncursed ring of poison resistance
 g - the ring "Poepol" (left hand) {Fire rElec Str+8}
   (You found it in a labyrinth)

   [ring of fire]

   It enhances your fire magic, and weakens your ice magic.
   It affects your strength (+8).
   It protects you from fire.
   It makes you vulnerable to cold.
   It insulates you from electricity.
 m - a +2 amulet of reflection (around neck)
 p - an uncursed ring of see invisible
 u - the ring of Totifekh (right hand) {+Fly rElec rF+ MR+ Int-5}
   (You found it on level 5 of the Lair of Beasts)

   [ring of protection from fire]

   It affects your intelligence (-5).
   It protects you from fire.
   It insulates you from electricity.
   It affects your resistance to hostile enchantments.
   It lets you fly.
 X - an uncursed ring of ice
Wands
 e - a wand of teleportation (3/9)
 j - a wand of disintegration (4/24)
 A - a wand of iceblast (10/15)
 J - a wand of digging (10/24)
 M - a wand of disintegration (15/24)
Scrolls
 c - a scroll of fog
 l - 14 scrolls of remove curse
 B - 5 scrolls of recharging
 N - 5 scrolls of teleportation
 P - 3 scrolls of blinking
 Q - 2 scrolls of identify
 R - a scroll of fear
 W - 2 scrolls of magic mapping
Potions
 d - 4 potions of haste
 i - 3 potions of flight
 k - 2 potions of brilliance
 s - 8 potions of heal wounds
 t - 2 potions of cancellation
 C - 8 potions of curing
 F - 6 potions of might
 K - 4 potions of cure mutation
 Y - 2 potions of resistance
Miscellaneous
 w - a fan of gales
Comestibles
 f - 13 bread rations
 h - 2 fruits
 o - 12 beef jerkies
 v - 10 meat rations


   Skills:
 + Level 14.6 Fighting
 - Level 22.0 Axes
   Level 1.1(13.0) Maces & Flails
 - Level 1.0 Throwing
 - Level 14.0 Armour
 - Level 13.0 Dodging
 - Level 5.0 Shields
 - Level 4.0 Evocations


You had 16 spell levels left.
You didn't know any spells.

Dungeon Overview and Level Annotations

Branches:
Dungeon (15/15)            Temple (0/1) D:7            Lair (8/8) D:9
  Swamp (0/4) Lair:5       Spider (0/4) Lair:6        Slime (0/6) Lair:6
    Orc (2/2) D:10            Elf (0/3) Orc:2        Vaults (0/5) D:14
 Depths (1/5) D:15

Altars:
Cheibriados
Dithmenos
Elyvilon
Fedhas
Kikubaaqudgha
Makhleb
Nemelex Xobeh
Okawaru
Pakellas
Qazlal
Ru
Sif Muna
Trog
Vehumet
Beogh
Jiyva

Shops:
D:4 *   D:5 :   D:14 }   Orc:1 :   Orc:2 %[!%


Message History

Trog accepts your kill.
Trog appreciates your killing of a magic user.
Reactivating autopickup.
You feel a bit more experienced.
You slash the sphinx zombie!
There is a sudden explosion of sparks!
The sphinx zombie hits you but does no damage.
The sphinx zombie barely misses you. The sphinx zombie closely misses you.
You hit the sphinx zombie. The sphinx zombie hits you.
The sphinx zombie closely misses you.
The sphinx zombie hits you but does no damage.
You slice the sphinx zombie!! You hit the sphinx zombie.
There is a sudden explosion of sparks!
You hit the frost giant simulacrum.
There is a sudden explosion of sparks!
The sphinx zombie hits you. You block the sphinx zombie's attack.
The sphinx zombie misses you.
You slice the sphinx zombie!! You slice the frost giant simulacrum!!
There is a sudden explosion of sparks!
The frost giant simulacrum hits you!
The frost giant simulacrum freezes you!!!
You feel a terrible chill!
You die...

########.<########
########.(####################
..........(...................
....).........................
############............[.....
#.........[........
####...........≈≈≈≈≈..
.........)Z....≈≈###≈≈.
.........@Z....≈## .
...?.#######...≈## .....
##..≈# ..... #...≈# ....
#...≈# ....≈# ......≈
.......≈≈ #........≈≈


You could see a frost giant simulacrum and a sphinx zombie.

Vanquished Creatures
  Rupert (D:12)
  A tengu reaver (D:14)
  Kirke (D:14)
  4 azure jellies (Lair:6)
  Donald (Orc:2)
  A stone giant (Depths:1)
  Azrael (D:14)
  2 ettins
  A minotaur (Lab)
  Josephine (D:15)
  8 vault guards (D:14)
  2 ice dragons (Depths:1)
  A catoblepas (D:14)
  Fannar (D:12)
  A death knight (D:12)
  7 hydras
  3 death yaks (Lair:8)
  2 ogre magi (D:15)
  2 tengu warriors
  3 orc high priests (Orc:2)
  A dancing weapon (D:14)
  Urug (D:14)
  A deep elf knight (D:14)
  The ghost of tape the Blocker, a novice GrFi of Okawaru (D:9)
  6 skeletal warriors
  A fire crab (shapeshifter) (Depths:1)
  2 wizards
  5 unseen horrors
  Pikel (D:7)
  5 hill giants
  6 orc knights
  A necromancer (Depths:1)
  2 oklob plants (Lair:7)
  2 wolf spiders
  5 deep elf magi
  3 ugly things
  6 orc sorcerers
  4 manticores
  6 griffons
  11 slime creatures
  3 cyclopes
  12 elephants
  Maurice (Orc:1)
  A naga mage (D:15)
  10 black mambas
  A guardian serpent (Lair:8)
  An octopode (shapeshifter) (D:12)
  2 centaur zombies
  Joseph (D:8)
  3 gargoyles
  4 rime drakes
  19 spiny frogs
  A yaktaur (D:14)
  7 komodo dragons
  A tengu conjurer (D:13)
  7 trolls
  10 polar bears
  A boulder beetle (Lair:6)
  4 two-headed ogres
  A stone giant simulacrum (Depths:1)
  44 blink frogs
  A centaur simulacrum (D:14)
  5 shadows
  A spriggan (Lair:5)
  9 wyverns
  4 hogs
  A vampire (D:11)
  3 humans
  43 yaks
  7 wraiths
  3 redbacks (Lair:6)
  A basilisk (shapeshifter) (D:15)
  7 basilisks
  2 steam dragons
  3 hungry ghosts
  3 fire elementals (D:14)
  7 vampire mosquitoes
  12 hippogriffs
  2 wargs
  2 soldier ants (D:12)
  Duvessa (D:7)
  21 water moccasins
  5 hell hounds (D:14)
  9 porcupines
  29 orc warriors
  A swamp drake (D:10)
  An ice beast (D:8)
  A slave (D:7)
  8 wasps
  9 black bears
  2 sky beasts
  An eye of draining (D:14)
  3 phantoms
  13 wolves
  16 ogres
  4 centaurs
  12 crocodiles
  2 big kobolds
  24 giant frogs
  Dowan (D:7)
  8 scorpions
  3 killer bees (D:11)
  10 wights
  6 howler monkeys
  2 electric eels (Lair:4)
  8 crimson imps
  6 hounds
  3 jellies
  29 orc wizards
  7 centaur skeletons
  4 giant frog skeletons
  3 giant frog zombies
  A gnoll shaman (D:8)
  19 orc priests
  16 iguanas
  14 worker ants
  A killer bee zombie (D:9)
  8 sheep
  A hound skeleton (D:4)
  A mummy (D:7)
  A worker ant zombie (D:11)
  30 adders
  4 gnolls (D:8)
  84 river rats
  5 shadow imps
  An ooze (D:4)
  An adder zombie (D:5)
  3 worms
  6 giant geckos
  87 orcs
  9 bats
  3 giant cockroaches
  11 goblins
  3 hobgoblins
  4 jackals (D:2)
  4 quokkas
  2 giant newts
  16 kobolds
  A kobold zombie (D:7)
  An orc zombie (D:7)
  A quokka skeleton (D:4)
  2 rats
  10 fungi
  22 plants
988 creatures vanquished.

Vanquished Creatures (collateral kills)
  Erica (Lair:2)
  An oklob plant (Lair:7)
  A cyclops (D:14)
  A black mamba (Lair:8)
  A plant (Lair:6)
5 creatures vanquished.

Vanquished Creatures (others)
  A human (D:14)
  A jelly (D:13)
  2 orcs (D:10)
  99 fungi
  47 plants
150 creatures vanquished.

Grand Total: 1143 creatures vanquished

Notes
Turn   | Place    | Note
--------------------------------------------------------------
     0 | D:1      | GordonOverkill the Hill Orc Wanderer began the quest for the Orb.
     0 | D:1      | GordonOverkill set off with: a +2 scale mail, a +0 hand crossbow, 27 bolts, a potion of lignification, a bread ration
     0 | D:1      | Reached XP level 1. HP: 16/16 MP: 1/1
   385 | D:1      | Reached XP level 2. HP: 21/25 MP: 2/2
   876 | D:2      | Found an ancient bone altar of Kikubaaqudgha.
  1155 | D:2      | Reached XP level 3. HP: 30/31 MP: 3/3
  1730 | D:3      | Found a shadowy altar of Dithmenos.
  1731 | D:3      | Found a bloodstained altar of Trog.
  1737 | D:3      | Became a worshipper of Trog the Wrathful
  1800 | D:3      | Found a faded altar to an unknown god.
  1816 | D:3      | Reached XP level 4. HP: 22/40 MP: 4/4
  1988 | D:3      | Reached skill level 5 in Fighting
  1988 | D:3      | Reached skill level 5 in Axes
  1988 | D:3      | Reached XP level 5. HP: 28/48 MP: 5/5
  2450 | D:3      | Noticed a centaur
  2458 | D:3      | Killed a centaur
  2458 | D:3      | Reached XP level 6. HP: 52/57 MP: 6/6
  2489 | D:3      | Found an oddly glowing altar of Pakellas.
  2525 | D:3      | Found an iron altar of Okawaru.
  2533 | D:3      | Found a sacrificial altar of Ru.
  2733 | D:4      | Found Ixoig's General Store.
  2766 | D:4      | Reached skill level 6 in Axes
  2978 | D:4      | Found a blossoming altar of Fedhas.
  3105 | D:4      | Found a burning altar of Makhleb.
  3123 | D:4      | Reached skill level 7 in Axes
  3170 | D:4      | Reached XP level 7. HP: 41/63 MP: 7/7
  3458 | D:4      | Reached * piety under Trog
  3458 | D:4      | Reached skill level 8 in Axes
  3816 | D:5      | Entered Level 5 of the Dungeon
  3831 | D:5      | Found Ikhiurack's Book Shop.
  4126 | D:5      | Reached skill level 9 in Axes
  4231 | D:5      | Found a deep blue altar of Sif Muna.
  4232 | D:5      | Found a stormy altar of Qazlal.
  4234 | D:5      | Found a sparkling altar of Nemelex Xobeh.
  4740 | D:6      | Reached skill level 10 in Axes
  4742 | D:6      | Reached XP level 8. HP: 62/70 MP: 8/8
  5265 | D:6      | Reached skill level 11 in Axes
  5559 | D:6      | Found a snail-covered altar of Cheibriados.
  5694 | D:7      | HP: 2/111 [ogre/giant club (17)]
  5841 | D:7      | Got a spiked chain mail
  5852 | D:7      | Identified the +9 chain mail of Yhoyvicw {Dex+5} (You found it on level 7 of the Dungeon)
  5869 | D:7      | Reached XP level 9. HP: 29/82 MP: 9/9
  5913 | D:7      | Reached skill level 12 in Axes
  5928 | D:7      | Found a staircase to the Ecumenical Temple.
  5974 | D:7      | Reached ** piety under Trog
  6104 | D:7      | Noticed Duvessa
  6104 | D:7      | Noticed Dowan
  6118 | D:7      | Killed Duvessa
  6120 | D:7      | Killed Dowan
  6247 | D:7      | Noticed Pikel
  6272 | D:7      | Killed Pikel
  6272 | D:7      | Reached skill level 10 in Fighting
  6272 | D:7      | Reached skill level 13 in Axes
  7114 | D:8      | Reached XP level 10. HP: 86/93 MP: 10/10
  7484 | D:8      | Reached skill level 5 in Armour
  7607 | D:8      | Noticed Joseph
  7629 | D:8      | Killed Joseph
  7629 | D:8      | Reached skill level 14 in Axes
  8011 | D:9      | Noticed tape's ghost (novice GrFi)
  8038 | D:9      | Killed tape's ghost
  8512 | D:9      | Found a staircase to the Lair.
  8564 | D:9      | Found a radiant altar of Vehumet.
  8660 | D:9      | Found a white marble altar of Elyvilon.
  8996 | D:9      | Reached *** piety under Trog
  9258 | D:10     | Entered Level 10 of the Dungeon
  9288 | D:10     | Reached skill level 15 in Axes
  9457 | D:10     | Found a staircase to the Orcish Mines.
 10301 | D:10     | Killed an unseen horror
 10301 | D:10     | Reached XP level 11. HP: 80/99 MP: 11/11
 10535 | D:10     | Reached **** piety under Trog
 10982 | Lair:1   | Entered Level 1 of the Lair of Beasts
 11210 | Lair:1   | Noticed a six-headed hydra
 11518 | Lair:1   | Reached skill level 16 in Axes
 11856 | Lair:1   | Reached skill level 10 in Armour
 11890 | Lair:1   | Killed an 11-headed hydra
 11890 | Lair:1   | Reached skill level 1 in Dodging
 12438 | Lair:1   | Reached ***** piety under Trog
 13087 | Lair:2   | Received a gift from Trog
 13140 | Lair:2   | Reached skill level 17 in Axes
 13212 | Lair:2   | Noticed Erica
 13218 | Lair:2   | Killed Erica
 13218 | Lair:2   | Reached XP level 12. HP: 90/106 MP: 12/12
 13429 | Lair:2   | Reached skill level 1 in Evocations
 14711 | Lair:3   | Reached skill level 18 in Axes
 16123 | Lair:4   | Received a gift from Trog
 16663 | Lair:4   | Reached XP level 13. HP: 105/117 MP: 14/16
 16867 | Lair:4   | Reached skill level 19 in Axes
 17364 | Lair:5   | Found a staircase to the Swamp.
 17456 | Lair:5   | Got a fine turquoise ring
 17463 | Lair:5   | Identified the ring of Totifekh {+Fly rElec rF+ MR+ Int-5} (You found it on level 5 of the Lair of Beasts)
 17576 | Lair:5   | Got a faintly humming plate armour
 17587 | Lair:5   | Identified the +4 plate armour of Dawn {rF+ rC+ Int+4} (You found it on level 5 of the Lair of Beasts)
 18084 | Lair:5   | Received a gift from Trog
 18099 | Lair:5   | Got a crude battleaxe {god gift}
 18100 | Lair:5   | Identified the +6 battleaxe "Giantbane" {drain, rPois Dex+2 Stlth+} (Trog gifted it to you on level 5 of the Lair of Beasts)
 18402 | Lair:6   | Found a runed door.
 18403 | Lair:6   | Found a viscous altar of Jiyva.
 18404 | Lair:6   | Noticed an azure jelly
 18404 | Lair:6   | Noticed an azure jelly
 18404 | Lair:6   | Noticed an azure jelly
 18405 | Lair:6   | Found a staircase to the Slime Pits.
 18405 | Lair:6   | Noticed an azure jelly
 18416 | Lair:6   | Killed an azure jelly
 18422 | Lair:6   | Killed an azure jelly
 18426 | Lair:6   | Killed an azure jelly
 18426 | Lair:6   | Reached skill level 20 in Axes
 18430 | Lair:6   | Killed an azure jelly
 18762 | Lair:6   | Identified a scroll of acquirement
 18782 | Lair:6   | Reached XP level 14. HP: 107/126 MP: 17/17
 19092 | Lair:6   | Found a hole to the Spider Nest.
 20027 | Lair:8   | Entered Level 8 of the Lair of Beasts
 20045 | Lair:8   | Received a gift from Trog
 20098 | Lair:8   | Found a labyrinth entrance.
 20113 | Lab      | Entered a labyrinth
 20226 | Lab      | Got a steaming marble ring
 20227 | Lab      | Got a dazzling buckler
 20240 | Lab      | Identified the ring "Poepol" {Fire rElec Str+8} (You found it in a labyrinth)
 20295 | Lair:8   | Identified the +1 buckler of the Beekeeper {Dex+2} (You found it in a labyrinth)
 20336 | Lair:8   | Reached skill level 21 in Axes
 21011 | Lair:8   | Paralysed by a wasp for 2 turns
 21075 | Lair:8   | Reached ****** piety under Trog
 21080 | Lair:8   | Found a sparkling altar of Nemelex Xobeh.
 22426 | Lair:8   | Received a gift from Trog
 22829 | Lair:8   | Reached skill level 5 in Dodging
 23955 | Lair:1   | Reached skill level 22 in Axes
 24118 | D:11     | Reached XP level 15. HP: 124/132 MP: 18/18
 25151 | Orc:1    | Entered Level 1 of the Orcish Mines
 25151 | Orc:1    | Noticed Maurice
 25156 | Orc:1    | Found a burning altar of Makhleb.
 25173 | Orc:1    | Killed Maurice
 25541 | Orc:2    | Entered Level 2 of the Orcish Mines
 25541 | Orc:2    | Found a roughly hewn altar of Beogh.
 25717 | Orc:2    | Noticed Donald
 25741 | Orc:2    | Killed Donald
 25808 | Orc:2    | Found a staircase to the Elven Halls.
 25890 | Orc:2    | Found Qiegack's Food Shop.
 26143 | Orc:2    | Received a gift from Trog
 26175 | Orc:2    | Got a bloodstained battleaxe {god gift}
 26181 | Orc:2    | Identified the +8 battleaxe "Fejeegi" {venom, -Tele rC+ Dex+2} (Trog gifted it to you on level 2 of the Orcish Mines)
 26598 | Orc:2    | Found Ceacoeso's Food Shop.
 26599 | Orc:2    | Found Xeam's Antique Armour Emporium.
 26600 | Orc:2    | Found Heotiaf's Distillery.
 26634 | Orc:2    | Bought a helmet for 162 gold pieces
 26634 | Orc:2    | Bought a twisted plate armour for 1008 gold pieces
 26644 | Orc:2    | Identified the +0 plate armour of the Seven Places {rPois rC- Str+6 Dex-3} (You bought it in a shop on level 2 of the Orcish Mines)
 26764 | Orc:1    | Found Ecoacvos's Book Shop.
 27267 | D:12     | Received a gift from Trog
 27317 | D:12     | Noticed Fannar
 27333 | D:12     | Killed Fannar
 27476 | D:12     | Received a gift from Trog
 28180 | D:12     | Noticed Rupert
 28192 | D:12     | Killed Rupert
 28192 | D:12     | Reached skill level 10 in Dodging
 29127 | D:13     | Found a huge runed gate.
 29127 | D:13     | Found a huge runed gate.
 29127 | D:13     | Found a huge runed gate.
 29127 | D:13     | Found a huge runed gate.
 29153 | D:13     | Reached XP level 16. HP: 134/139 MP: 19/19
 29858 | D:14     | Noticed a tengu reaver
 29889 | D:14     | Killed a tengu reaver
 30304 | D:14     | Noticed Kirke
 30313 | D:14     | Killed Kirke
 30378 | D:14     | Received a gift from Trog
 30780 | D:14     | Noticed Urug
 30802 | D:14     | Killed Urug
 30870 | D:14     | Found Epteful's Gadget Boutique.
 30878 | D:14     | Bought a wand of teleportation (3/9) for 273 gold pieces
 31564 | D:14     | Noticed Azrael
 31598 | D:14     | Killed Azrael
 31734 | D:14     | Found a gate to the Vaults.
 31762 | D:14     | Reached skill level 5 in Shields
 32063 | D:15     | Entered Level 15 of the Dungeon
 32268 | D:15     | Noticed Josephine
 32277 | D:15     | Killed Josephine
 32287 | D:15     | Reached XP level 17. HP: 116/150 MP: 20/20
 32794 | D:15     | Found a staircase to the Depths.
 32810 | Depths:1 | Entered Level 1 of the Depths
 33111 | Depths:1 | Mangled by a frost giant simulacrum

Skill      XL: |  1  2  3  4  5  6  7  8  9 10 11 12 13 14 15 16 17 |
---------------+----------------------------------------------------+-----
Fighting       | 2 3 4 5 6 8 10 11 12 13 14 | 14.6
Axes           | 5 7 10 11 13 15 17 18 20 22 | 22.0
Armour         | 4 8 10 12 14 | 14.0
Dodging        | 3 4 5 10 13 | 13.0
Evocations     | 4 |  4.0
Shields        | 5 |  5.0
Maces & Flails | |  1.1
Throwing       | |  1.0

Action                   |  1- 3 |  4- 6 |  7- 9 | 10-12 | 13-15 | 16-18 || total
-------------------------+-------+-------+-------+-------+-------+-------++-------
Melee: Hand axe          |    69 |    16 |       |       |       |       ||    85
       Flail             |       |    65 |   384 |       |       |       ||   449
       War axe           |       |       |    33 |   272 |   370 |       ||   675
       Battleaxe         |       |       |       |   557 |   969 |   160 ||  1686
       Broad axe         |       |       |       |       |       |   349 ||   349
 Fire: Hand crossbow     |    55 |     8 |       |       |       |       ||    63
Invok: Berserk           |       |       |     3 |     3 |     9 |     4 ||    19
       Burn Spellbooks   |       |       |     2 |     1 |       |     1 ||     4
       Trog's Hand       |       |       |     1 |     3 |     6 |     2 ||    12
       Brothers in Arms  |       |       |       |     1 |     2 |     1 ||     4
Evoke: Wand              |       |     2 |       |       |     8 |       ||    10
  Use: Potion            |       |     1 |       |     1 |       |       ||     2
       Scroll            |       |       |    17 |     8 |    14 |     2 ||    41
 Stab: Held in net/web   |       |       |     1 |       |     2 |       ||     3
       Distracted        |       |       |       |       |       |     3 ||     3
  Eat: Chunk             |     3 |     4 |    14 |    30 |    31 |    13 ||    95
       Meat ration       |       |       |     1 |       |     4 |     1 ||     6
       Bread ration      |       |       |     1 |     1 |       |       ||     2
Armor: Scale mail        |    45 |    46 |   117 |       |       |       ||   208
       Skin              |       |     2 |       |       |       |       ||     2
       Chain mail        |       |       |    94 |   495 |   702 |   240 ||  1531
Dodge: Dodged            |    59 |    38 |   175 |   294 |   595 |   262 ||  1423
Block: Other             |       |       |       |       |    45 |     8 ||    53
       Buckler           |       |       |       |       |     1 |   110 ||   111
       Reflection        |       |       |       |       |     2 |     9 ||    11
